 Dungeon Crawl Stone Soup version 0.30-a0-335-ge5acde7520 (webtiles) character file.

Game seed: 6194119980259143714

4855 p00ps00p the Warrior (level 10, -3/112 HPs)
             Began as a Hill Orc Fighter on Oct 30, 2022.
             Was an Initiate of Gozag.
             Killed from afar by an acid dragon (21 damage)
             ... with a splash of acid
             ... on level 9 of the Dungeon.
             The game lasted 00:29:23 (9069 turns).

p00ps00p the Warrior (Hill Orc Fighter)             Turns: 9069, Time: 00:29:24

Health: -3/112     AC:  1    Str: 23    XL:     10   Next: 49%
Magic:  10/10      EV:  9    Int:  6    God:    Gozag
Gold:   1101       SH:  8    Dex: 14    Spells: 9/9 levels left

rFire   . . .      SeeInvis .    y - +1 war axe of Inquiry {venom, rC+ Str+3 Int-2}
rCold   + . .      Faith    .    A - +3 buckler
rNeg    . . .      Spirit   .    u - +3 scale mail
rPois   .          Reflect  .    e - +0 helmet
rElec   .          Harm     .    f - +0 cloak
rCorr   .          Rampage  .    (no gloves)
Will    .....                    D - +0 pair of boots
Stlth   ..........               (no amulet)
HPRegen 0.38/turn                (no ring)
MPRegen 0.12/turn                (no ring)

@: corroded, hasted, very quick
A: no striking features
a: Renounce Religion, Potion Petition, Call Merchant, Bribe Branch


You were on level 9 of the Dungeon.
You worshipped Gozag.
Gozag was most pleased with you.
You visited 2 branches of the dungeon, and saw 10 of its levels.

You collected 1362 gold pieces.
You spent 189 gold pieces at shops.
You paid 72 gold pieces to Gozag.

Inventory:

Hand Weapons
 a - a +3 war axe of venom
 d - a +0 broad axe of draining
 y - the +1 war axe of Inquiry (weapon) {venom, rC+ Str+3 Int-2}
   (You found it on level 7 of the Dungeon)

   It poisons the flesh of those it strikes.
   Str:       It affects your strength (+3).
   Int:       It affects your intelligence (-2).
   rC:        It protects you from cold.
 C - a +2 rapier of flaming
Missiles
 b - 2 javelins
 i - 11 boomerangs (quivered)
 m - a throwing net
 s - 4 curare-tipped darts
 x - 16 poisoned darts
Armour
 e - a +0 helmet (worn)
 f - a +0 cloak (worn)
 u - a +3 scale mail (worn)
 A - a +3 buckler (worn)
 D - a +0 pair of boots (worn)
Jewellery
 v - a ring of ice
Wands
 j - a wand of roots (3)
 o - a wand of paralysis (23)
 w - a wand of flame (45)
Potions
 c - 2 potions of might
 g - a potion of berserk rage
 h - 2 potions of degeneration
 k - 2 potions of cancellation
 l - 3 potions of attraction
 n - 4 potions of brilliance
 p - a potion of magic {unknown}
 q - 3 potions of lignification
 r - 2 potions of curing
 t - 4 potions of flight
 z - a potion of haste


   Skills:
 + Level 17.8 Fighting
 - Level 2.6 Axes
 - Level 3.2 Armour
 - Level 3.2 Shields


You had 9 spell levels left.
You didn't know any spells.
Your spell library contained the following spells:

 Spells                   Type           Power      Damage    Failure   Level
 Apportation              Tloc           0%         N/A       86%         1
 Necrotise                Necr           0%         1d4       86%         1
 Sting                    Tmut/Pois      0%         1d3       86%         1
 Summon Small Mammal      Summ           0%         N/A       86%         1
 Poisonous Vapours        Pois/Air       0%         N/A       94%         2
 Tukima's Dance           Hex            0%         N/A       99%         3
 Vampiric Draining        Necr           0%         2d6       99%         3
 Airstrike                Air            0%         2d(0-16)  100%        4
 Anguish                  Hex/Necr       0%         N/A       100%        4
 Olgreb's Toxic Radiance  Pois           0%         N/A       100%        4
 Passage of Golubria      Tloc           0%         N/A       100%        4
 Summon Lightning Spire   Summ/Air       0%         N/A       100%        4
 Agony                    Necr           0%         N/A       100%        5
 Lightning Bolt           Conj/Air       0%         1d11      100%        5
 Yara's Violent Unravell  Hex/Tmut       0%         3d3       100%        5
 Enfeeble                 Hex            0%         N/A       100%        7


Dungeon Overview and Level Annotations

Branches:
Dungeon (9/15)             Temple (1/1) D:6
   Lair: D:8-11         Orc: D:9-12

Altars:
Ashenzari
Cheibriados
Dithmenos
Elyvilon
Fedhas
Gozag
Hepliaklqana
Kikubaaqudgha
Makhleb
Nemelex Xobeh
Okawaru
Qazlal
Ru
Sif Muna
Trog
Uskayaw
Vehumet
Wu Jian
Xom
Yredelemnul
Zin
The Shining One

Shops:
D:6 ?

Annotations:
D:8 2 transporters, Lobster4's ghost, novice HuWr


Message History

You see here a +0 halberd.
You see here a +0 spear.
Found a book of Storms.
There is an open door here.
You now have 1101 gold pieces (gained 10).
You pick up a book of Storms and begin reading...
You add the spells Airstrike, Summon Lightning Spire and Lightning Bolt to your library.
You open the door.
There is an open door here.
Found a sling.
An acid dragon comes into view.
The acid dragon roars!
The acid dragon spits acid at you. The splash of acid hits you!
The acid corrodes you!
You hear a shout!
The acid dragon spits acid at you. The splash of acid hits you!!
The acid corrodes you! The acid dragon spits acid at you.
The splash of acid hits you!! The acid corrodes you!
The acid dragon completely misses you. The acid dragon claws you.
You hit the acid dragon but do no damage.
The acid dragon bites you. The acid dragon claws you.
The acid dragon bites you but does no damage.
The acid dragon claws you.
You barely miss the acid dragon.
The acid dragon bites you but does no damage.
The acid dragon claws you.
You barely miss the acid dragon. The acid dragon bites you!
* * * LOW HITPOINT WARNING * * *
The acid dragon misses you. The acid dragon barely misses you.
The acid dragon claws you.
* * * LOW HITPOINT WARNING * * *
You feel yourself speed up. The acid dragon bites you!
* * * LOW HITPOINT WARNING * * *
The acid dragon claws you.
* * * LOW HITPOINT WARNING * * *
The acid dragon spits acid at you. The splash of acid hits you!!
You die...
Your body crumbles into a pile of gold.

..~~.....#
#....~....#
..~~.....#
#....~~...#
.........#
#.....~~..#
.......).#
#.........#
....D....#
#.........#
.........#
#.........# #...#
#.........#
###.###########'####
#...D..@......#
###############


You could see an acid dragon (catching breath).

Vanquished Creatures
  A troll (D:9)
  Grinder (D:4)
  A wyvern (D:8)
  11 yaks
  2 ice beasts
  An orc warrior (D:8)
  4 ogres
  A phantom (D:6)
  A kobold brigand (D:8)
  4 necrophages
  5 bullfrogs
  3 scorpions
  3 wights (D:8)
  A howler monkey (D:7)
  2 hounds
  7 orc priests
  2 jellies
  2 gnoll boudas
  5 iguanas
  7 orc wizards
  8 gnolls
  11 adders
  2 shadow imps (D:6)
  A white imp (D:6)
  3 ufetubi
  A worm (D:3)
  2 dart slugs
  33 orcs
  4 bats
  7 endoplasms
  A giant cockroach (D:2)
  6 goblins
  8 hobgoblins
  3 jackals (D:4)
  4 quokkas
  8 ball pythons
  4 frilled lizards
  5 kobolds
  3 rats
178 creatures vanquished.

Vanquished Creatures (others)
  A human (D:3)
  2 plants (D:3)
3 creatures vanquished.

Grand Total: 181 creatures vanquished

Notes
Turn   | Place    | Note
-------+----------+-------------------------------------------
     0 | D:1      | p00ps00p the Hill Orc Fighter began the quest for the Orb.
     0 | D:1      | Reached XP level 1. HP: 19/19 MP: 1/1
   319 | D:1      | Reached skill level 4 in Fighting
   369 | D:1      | Reached XP level 2. HP: 26/27 MP: 2/2
  1030 | D:2      | Reached XP level 3. HP: 32/35 MP: 3/3
  1033 | D:2      | Reached skill level 5 in Fighting
  1452 | D:2      | Found a faded altar of an unknown god.
  1794 | D:3      | Reached XP level 4. HP: 44/44 MP: 4/4
  1942 | D:3      | Reached skill level 6 in Fighting
  2358 | D:3      | Found an ancient bone altar of Kikubaaqudgha.
  2360 | D:3      | Noticed a human
  2362 | D:3      | Killed a human
  2681 | D:4      | Noticed a necrophage
  2701 | D:4      | Killed a necrophage
  2702 | D:4      | Reached skill level 7 in Fighting
  2702 | D:4      | Reached XP level 5. HP: 34/52 MP: 5/5
  3009 | D:4      | Found an opulent altar of Gozag.
  3018 | D:4      | Became a worshipper of Gozag Ym Sagoz the Greedy
  3052 | D:4      | Reached XP level 6. HP: 51/61 MP: 6/6
  3101 | D:4      | Reached skill level 8 in Fighting
  3416 | D:4      | Noticed Grinder
  3426 | D:4      | Killed Grinder
  3427 | D:4      | Reached skill level 9 in Fighting
  3427 | D:4      | Reached XP level 7. HP: 49/70 MP: 7/7
  3584 | D:5      | Entered Level 5 of the Dungeon
  3742 | D:5      | Reached skill level 10 in Fighting
  3829 | D:5      | Found a bloodstained altar of Trog.
  3836 | D:5      | Found a shimmering blue altar of Sif Muna.
  3842 | D:5      | Found an iron altar of Okawaru.
  3842 | D:5      | Found a hide-covered altar of Uskayaw.
  3844 | D:5      | Found a white marble altar of Elyvilon.
  3845 | D:5      | Found an ornate altar of the Wu Jian Council.
  3847 | D:5      | Found a snail-covered altar of Cheibriados.
  4162 | D:5      | You fall into a shaft and drop 1 floor!
  4207 | D:6      | Reached skill level 11 in Fighting
  4212 | D:6      | Reached XP level 8. HP: 71/82 MP: 8/8
  4888 | D:6      | Found a staircase to the Ecumenical Temple.
  4930 | D:6      | Reached skill level 12 in Fighting
  4942 | Temple   | Entered the Ecumenical Temple
  5573 | D:6      | Reached skill level 13 in Fighting
  5668 | D:6      | Found Ticzodwu's Magic Scroll Emporium.
  5736 | D:6      | HP: 2/86 [gnoll/+0 whip[a gnoll bouda] (3)]
  5742 | D:6      | HP: 3/86 [gnoll/+0 halberd[a gnoll bouda] (1)]
  5876 | D:6      | Reached XP level 9. HP: 46/93 MP: 9/9
  6420 | D:7      | Reached skill level 14 in Fighting
  6637 | D:7      | Identified the +1 war axe of Inquiry {venom, rC+ Str+3
                  | Int-2}
  6706 | D:7      | Found a basalt altar of Yredelemnul.
  6708 | D:7      | Found a sacrificial altar of Ru.
  6710 | D:7      | Found a stormy altar of Qazlal.
  6944 | D:6      | Bought a scroll of identify for 28 gold pieces
  6944 | D:6      | Bought a scroll of blinking for 105 gold pieces
  6944 | D:6      | Bought a scroll of identify for 28 gold pieces
  6944 | D:6      | Bought a scroll of identify for 28 gold pieces
  7059 | D:8      | Reached skill level 15 in Fighting
  7075 | D:8      | Reached skill level 16 in Fighting
  7347 | D:8      | Noticed a moth of wrath
  7355 | D:8      | Reached XP level 10. HP: 35/100 MP: 10/10
  7660 | D:8      | Found a transporter.
  7661 | D:8      | Noticed Lobster4's ghost (novice HuWr)
  7675 | D:8      | Found a transporter.
  7907 | D:8      | Found a shimmering altar of Xom.
  8192 | D:9      | Reached skill level 17 in Fighting
  8689 | D:9      | Paralysed by a hornet for 3 turns
  8694 | D:9      | HP: 1/112 [poisoned by a hornet]
  9069 | D:9      | Killed from afar by an acid dragon

Illustrated notes

Levels and vault maps discovered:
D:1:      elethiomel_arrival_maze, layout_basic
D:2:      minmay_spotlight, layout_loops_ring,
          hellmonk_ecumenical_altar_arch_garden, minmay_strange_pillars,
          minmay_misc_feat_enclosed
D:3:      cheibrodos_old_hovel, layout_loops_corners, tgw_kikubaaqudgha,
          chequers_serial_rivers_large_a
D:4:      layout_basic, grunt_gozag_statues, uniq_grinder
D:5:      layout_basic, minitemple
D:6:      layout_basic, minmay_temple_entry_antechambers, serial_shops,
          nicolae_shop_behind_doors, kennysheep_small_circle
D:7:      layout_gridville, grunt_temple_overflow_open,
          chequers_serial_rivers_micro_e, mrwooster_statue_mirror
D:8:      layout_gridville, pf_just_have_faith,
          gammafunk_ghost_berserking_beasts, minmay_crossroads
D:9:      layout_basic, hangedman_ranch
Temple:   nicolae_temple_figure_zero

Skill      XL: |  1  2  3  4  5  6  7  8  9 10 |
---------------+-------------------------------+-----
Fighting       | 4 5 7 9 11 13 16 17 | 17.8
Axes           | |  2.6
Armour         | |  3.2
Shields        | |  3.2

Action                   |  1- 3 |  4- 6 |  7- 9 | 10-12 || total
-------------------------+-------+-------+-------+-------++-------
Melee: War axe           |   100 |    85 |   214 |    66 ||   465
  Use: Scroll            |     4 |     4 |    14 |     5 ||    27
       Potion            |       |       |     2 |     4 ||     6
 Stab: Distracted        |       |       |     1 |       ||     1
Armor: Scale mail        |    55 |    48 |   108 |    47 ||   258
Dodge: Dodged            |    55 |    35 |   104 |    40 ||   234
Block: Buckler           |    27 |    18 |    71 |    40 ||   156

Table legend: (Time is in decaauts)
 A = Elapsed time spent in this place.
 B = Non-inter-level travel time spent in this place.
 C = Inter-level travel time spent in this place.
 D = Time resting spent in this place.
 E = Time spent auto-exploring this place.
 F = Levels seen in this place.
 G = Mean time per level.
                   A        B        C        D        E       F      G
               +--------+--------+--------+--------+--------+-----+--------+
         Total |   9274 |   8899 |    375 |   1397 |   5308 |  10 |  927.4 |
       Dungeon |   9060 |   8695 |    365 |   1397 |   5105 |   9 | 1006.7 |
        Temple |    213 |    203 |     10 |      0 |    203 |   1 |  213.0 |
               +--------+--------+--------+--------+--------+-----+--------+

Top non-repeatable levels by time:
     D:6: 1489 daAuts
     D:5: 1132 daAuts
     D:3: 1005 daAuts
     D:4: 995 daAuts
     D:1: 957 daAuts
     D:8: 930 daAuts
     D:9: 918 daAuts
     D:7: 862 daAuts
     D:2: 769 daAuts
  Temple: 213 daAuts
